PL
NORTHERN VIRGINIA RETRIEVERS @ VANCOUVER GREY WOLVES
08/09/2024
 
TOP OF THE 1ST
Northern Virginia Retrievers batting - Pitching for Vancouver Grey Wolves : RHP Roderick Rhodes
Pitching: RHP Roderick Rhodes
Batting: LHB Francisco Ornelas 0-0: Ball
1-0: Ground out 3-1 (Groundball, 34S)
Batting: LHB Roberto Salazar 0-0: Ball
1-0: Ball
2-0: Ball
3-0: Called Strike
3-1: Called Strike
3-2: Foul Ball, location: 2F
3-2: Ground out 4-3 (Groundball, 34)
Batting: LHB Chad Armstrong 0-0: Ball
1-0: Called Strike
1-1: Swinging Strike
1-2: Strikes out swinging
Top of the 1st over - 0 run(s), 0 hit(s), 0 error(s), 0 left on base; Northern Virginia 0 - Vancouver 0
BOTTOM OF THE 1ST
Vancouver Grey Wolves batting - Pitching for Northern Virginia Retrievers : LHP Edison Larson
Pitching: LHP Edison Larson
Batting: SHB Gregg Wagner 0-0: Ball
1-0: Ground out 5-3 (Groundball, 5)
Batting: LHB Héctor Cortéz 0-0: Ball
1-0: Foul Ball, location: 2F
1-1: Swinging Strike
1-2: Strikes out swinging
Batting: RHB Enrique Fuentes 0-0: Called Strike
0-1: Ball
1-1: Foul Ball, location: 2F
1-2: Ball
2-2: Ball
3-2: Foul Ball, location: 2F
3-2: Fly out, F7 (Flyball, 7M)
Bottom of the 1st over - 0 run(s), 0 hit(s), 0 error(s), 0 left on base; Northern Virginia 0 - Vancouver 0
TOP OF THE 2ND
Northern Virginia Retrievers batting - Pitching for Vancouver Grey Wolves : RHP Roderick Rhodes
Batting: RHB Teruo Nakayama 0-0: Ball
1-0: Called Strike
1-1: Foul Ball, location: 2F
1-2: Ball
2-2: Ball
3-2: Foul Ball, location: 2F
3-2: Base on Balls
Batting: LHB Marlon Randall 0-0: Fly out, F8 (Flyball, 8LD)
Batting: RHB Bob Heller 0-0: Fly out, F4 (Popup, 4MD)
Batting: LHB Cole Thrash 0-0: Ball
1-0: Called Strike
1-1: Swinging Strike
1-2: Foul Ball, location: 2F
1-2: Foul Ball, location: 2F
1-2: Ball
2-2: Ball
3-2: Foul Ball, location: 2F
3-2: Fly out, F7 (Flyball, 78S)
Top of the 2nd over - 0 run(s), 0 hit(s), 0 error(s), 1 left on base; Northern Virginia 0 - Vancouver 0
BOTTOM OF THE 2ND
Vancouver Grey Wolves batting - Pitching for Northern Virginia Retrievers : LHP Edison Larson
Batting: LHB José Alonso 0-0: Ground out 4-3 (Groundball, 4M)
Batting: LHB Emílio Barbán 0-0: Called Strike
0-1: Called Strike
0-2: Ball
1-2: Ball
2-2: Strikes out looking
Batting: LHB Min-heui Im 0-0: Called Strike
0-1: Swinging Strike
0-2: Ball
1-2: Ball
2-2: Ball
3-2: Fly out, F9 (Flyball, 89D)
Bottom of the 2nd over - 0 run(s), 0 hit(s), 0 error(s), 0 left on base; Northern Virginia 0 - Vancouver 0
TOP OF THE 3RD
Northern Virginia Retrievers batting - Pitching for Vancouver Grey Wolves : RHP Roderick Rhodes
Batting: SHB Gustavo Fuentes 0-0: Called Strike
0-1: SINGLE (Groundball, 56)
Batting: LHB Munemori Ohara 0-0: Fly out, F8 (Flyball, 8RD)
Batting: LHB Francisco Ornelas 0-0: Ball
1-0: Grounds into double play, U4-3 (Groundball, 4)
Top of the 3rd over - 0 run(s), 1 hit(s), 0 error(s), 0 left on base; Northern Virginia 0 - Vancouver 0
BOTTOM OF THE 3RD
Vancouver Grey Wolves batting - Pitching for Northern Virginia Retrievers : LHP Edison Larson
Batting: LHB Timmy Appeldoorn 0-0: Called Strike
0-1: SINGLE (Groundball, 13) (infield hit)
Batting: LHB David Hubbard 0-0: Called Strike
0-1: Foul Ball, location: 2F
0-2: Ball
1-2: Strikes out swinging
Batting: RHB Danny Walsh 0-0: Ball
1-0: Swinging Strike
1-1: Foul Ball, location: 2F
1-2: SINGLE (Groundball, 56D)
Timmy Appeldoorn to second
Batting: SHB Gregg Wagner 0-0: Swinging Strike
0-1: Ball
1-1: SINGLE (Groundball, 34)
Timmy Appeldoorn to third
Danny Walsh to second
Runner from 3rd tries for Home, SAFE, throw made home
Danny Walsh to third
Gregg Wagner to second
Batting: LHB Héctor Cortéz 0-0: Ball
1-0: Ground out 1-3 (Groundball, 25)
Batting: RHB Enrique Fuentes 0-0: Ball
1-0: Foul Ball, location: 2F
1-1: Ball
2-1: Fly out, F8 (Flyball, 8RXD)
Bottom of the 3rd over - 1 run(s), 3 hit(s), 0 error(s), 2 left on base; Northern Virginia 0 - Vancouver 1
TOP OF THE 4TH
Northern Virginia Retrievers batting - Pitching for Vancouver Grey Wolves : RHP Roderick Rhodes
Batting: LHB Roberto Salazar 0-0: Ball
1-0: Ball
2-0: Called Strike
2-1: Foul Ball, location: 2F
2-2: Strikes out swinging, 2-3 out at first.
Batting: LHB Chad Armstrong 0-0: Ball
1-0: Called Strike
1-1: Ball
2-1: Ball
3-1: Base on Balls
Batting: RHB Teruo Nakayama 0-0: Ball
1-0: Ball
2-0: Foul Ball, location: 2F
2-1: Ball
3-1: Called Strike
3-2: Grounds into double play, 6-4-3 (Groundball, 6)
Top of the 4th over - 0 run(s), 0 hit(s), 0 error(s), 0 left on base; Northern Virginia 0 - Vancouver 1
BOTTOM OF THE 4TH
Vancouver Grey Wolves batting - Pitching for Northern Virginia Retrievers : LHP Edison Larson
Batting: LHB José Alonso 0-0: Ground out U3 (Groundball, 3L)
Batting: LHB Emílio Barbán 0-0: Foul Ball, location: 2F
0-1: Swinging Strike
0-2: Strikes out looking
Batting: LHB Min-heui Im 0-0: Swinging Strike
0-1: DOUBLE (Line Drive, 89M)
Batting: LHB Timmy Appeldoorn 0-0: Ball
1-0: Ground out 3-1 (Groundball, 3L)
Bottom of the 4th over - 0 run(s), 1 hit(s), 0 error(s), 1 left on base; Northern Virginia 0 - Vancouver 1
TOP OF THE 5TH
Northern Virginia Retrievers batting - Pitching for Vancouver Grey Wolves : RHP Roderick Rhodes
Batting: LHB Marlon Randall 0-0: SINGLE (Groundball, 56D)
Batting: RHB Bob Heller 0-0: Fly out, F7 (Flyball, 78M)
Batting: LHB Cole Thrash 0-0: Called Strike
0-1: Ball
1-1: Foul Ball, location: 2F
1-2: Strikes out swinging
Batting: SHB Gustavo Fuentes 0-0: Ball
1-0: Swinging Strike
1-1: Called Strike
1-2: Strikes out swinging
Top of the 5th over - 0 run(s), 1 hit(s), 0 error(s), 1 left on base; Northern Virginia 0 - Vancouver 1
BOTTOM OF THE 5TH
Vancouver Grey Wolves batting - Pitching for Northern Virginia Retrievers : LHP Edison Larson
Batting: LHB David Hubbard 0-0: Called Strike
0-1: Ball
1-1: Ground out U3 (Groundball, 3)
Batting: RHB Danny Walsh 0-0: Ball
1-0: Foul Ball, location: 2F
1-1: Ball
2-1: Ball
3-1: Base on Balls
Batting: SHB Gregg Wagner 0-0: Foul Ball, location: 2F
0-1: Fly out, F8 (Flyball, 8RXD)
Batting: LHB Héctor Cortéz 0-0: Ground out 4-3 (Groundball, 4)
Bottom of the 5th over - 0 run(s), 0 hit(s), 0 error(s), 1 left on base; Northern Virginia 0 - Vancouver 1
TOP OF THE 6TH
Northern Virginia Retrievers batting - Pitching for Vancouver Grey Wolves : RHP Roderick Rhodes
Batting: LHB Munemori Ohara 0-0: Called Strike
0-1: Ball
1-1: Swinging Strike
1-2: Ball
2-2: Strikes out swinging
Batting: LHB Francisco Ornelas 0-0: Ball
1-0: Foul Ball, location: 2F
1-1: Called Strike
1-2: Ball
2-2: Foul Ball, location: 2F
2-2: Foul Ball, location: 2F
2-2: Strikes out swinging
Batting: LHB Roberto Salazar 0-0: Ball
1-0: Called Strike
1-1: Swinging Strike
1-2: Foul Ball, location: 2F
1-2: Strikes out swinging
Top of the 6th over - 0 run(s), 0 hit(s), 0 error(s), 0 left on base; Northern Virginia 0 - Vancouver 1
BOTTOM OF THE 6TH
Vancouver Grey Wolves batting - Pitching for Northern Virginia Retrievers : LHP Edison Larson
Batting: RHB Enrique Fuentes 0-0: Foul Ball, location: 2F
0-1: Foul Ball, location: 2F
0-2: Ball
1-2: Foul Ball, location: 2F
1-2: Ball
2-2: Ground out 6-3 (Groundball, 6)
Batting: LHB José Alonso 0-0: SOLO HOME RUN (Flyball, 9D), Distance : 362 ft
Batting: LHB Emílio Barbán 0-0: Ball
1-0: Foul Ball, location: 2F
1-1: DOUBLE (Line Drive, 89D)
Batting: LHB Min-heui Im 0-0: Ball
1-0: Called Strike
1-1: Ball
2-1: Ground out 3-1 (Groundball, 34)
Emílio Barbán to third
Batting: LHB Timmy Appeldoorn 0-0: Ball
1-0: Ball
2-0: Called Strike
2-1: Called Strike
2-2: Reached on error, E4 (Groundball, 4)
Emílio Barbán scores
Batting: LHB David Hubbard 0-0: Ball
1-0: Ball
2-0: SINGLE (Flyball, 8LS)
Timmy Appeldoorn to second
Batting: RHB Danny Walsh 0-0: Foul Ball, location: 2F
0-1: Called Strike
0-2: Ball
1-2: Ball
2-2: Ground out 6-3 (Groundball, 6)
Bottom of the 6th over - 2 run(s), 3 hit(s), 1 error(s), 2 left on base; Northern Virginia 0 - Vancouver 3
TOP OF THE 7TH
Northern Virginia Retrievers batting - Pitching for Vancouver Grey Wolves : RHP Roderick Rhodes
Batting: LHB Chad Armstrong 0-0: Ball
1-0: Called Strike
1-1: Ball
2-1: Ball
3-1: Fly out, F7 (Popup, 56D)
Batting: RHB Teruo Nakayama 0-0: Swinging Strike
0-1: Ball
1-1: Called Strike
1-2: Ball
2-2: Strikes out swinging
Batting: LHB Marlon Randall 0-0: Ball
1-0: SINGLE (Groundball, 34D)
Batting: RHB Bob Heller 0-0: Ball
1-0: SINGLE (Groundball, 56D)
Marlon Randall to second
Batting: LHB Cole Thrash 0-0: Ball
1-0: Foul Ball, location: 2F
1-1: Ball
2-1: Ball
3-1: Ground out 4-3 (Groundball, 34)
Top of the 7th over - 0 run(s), 2 hit(s), 0 error(s), 2 left on base; Northern Virginia 0 - Vancouver 3
BOTTOM OF THE 7TH
Vancouver Grey Wolves batting - Pitching for Northern Virginia Retrievers : LHP Edison Larson
Batting: SHB Gregg Wagner 0-0: Ball
1-0: Foul Ball, location: 2F
1-1: Called Strike
1-2: Ball
2-2: Strikes out swinging
Batting: LHB Héctor Cortéz 0-0: Fly out, F8 (Flyball, 89XD)
Batting: RHB Enrique Fuentes 0-0: Ball
1-0: Swinging Strike
1-1: Ball
2-1: Ball
3-1: Base on Balls
Pitching: RHP Natalino Golaio
Batting: LHB José Alonso 0-0: Ball
1-0: Ball
2-0: Ball
3-0: Called Strike
3-1: Base on Balls
Enrique Fuentes to second
Batting: LHB Emílio Barbán 0-0: Ball
1-0: Fly out, F3 (Popup, 3SF)
Bottom of the 7th over - 0 run(s), 0 hit(s), 0 error(s), 2 left on base; Northern Virginia 0 - Vancouver 3
TOP OF THE 8TH
Northern Virginia Retrievers batting - Pitching for Vancouver Grey Wolves : RHP Roderick Rhodes
Batting: SHB Gustavo Fuentes 0-0: Called Strike
0-1: Called Strike
0-2: Foul Ball, location: 2F
0-2: Ground out 6-3 (Groundball, 6)
Batting: LHB Munemori Ohara 0-0: Foul Ball, location: 2F
0-1: Foul Ball, location: 2F
0-2: Ball
1-2: Ball
2-2: Ball
3-2: Strikes out swinging
Batting: LHB Francisco Ornelas 0-0: Called Strike
0-1: Called Strike
0-2: Ball
1-2: Foul Ball, location: 2F
1-2: Foul Ball, location: 2F
1-2: Foul Ball, location: 2F
1-2: Fly out, F6 (Popup, 56D)
Top of the 8th over - 0 run(s), 0 hit(s), 0 error(s), 0 left on base; Northern Virginia 0 - Vancouver 3
BOTTOM OF THE 8TH
Vancouver Grey Wolves batting - Pitching for Northern Virginia Retrievers : RHP Natalino Golaio
Batting: LHB Min-heui Im 0-0: Swinging Strike
0-1: Ball
1-1: Ball
2-1: Called Strike
2-2: Strikes out swinging
Batting: LHB Timmy Appeldoorn 0-0: Ball
1-0: Foul Ball, location: 2F
1-1: SINGLE (Groundball, 4MD)
Batting: LHB David Hubbard 0-0: Ball
1-0: Ball
2-0: Ball
3-0: Base on Balls
Timmy Appeldoorn to second
Batting: RHB Danny Walsh 0-0: Foul Ball, location: 2F
0-1: Fly out, F9 (Flyball, 9LM)
Batting: SHB Gregg Wagner 0-0: Ball
1-0: Ground out 4-3 (Groundball, 4)
Bottom of the 8th over - 0 run(s), 1 hit(s), 0 error(s), 2 left on base; Northern Virginia 0 - Vancouver 3
TOP OF THE 9TH
Northern Virginia Retrievers batting - Pitching for Vancouver Grey Wolves : RHP Roderick Rhodes
Pitching: RHP David Hudson
Batting: LHB Roberto Salazar 0-0: Ball
1-0: Ball
2-0: Ball
3-0: Called Strike
3-1: Base on Balls
Batting: LHB Chad Armstrong 0-0: Ball
1-0: Called Strike
1-1: Ball
2-1: Ball
3-1: Called Strike
3-2: DOUBLE (Flyball, 7LD)
Roberto Salazar to third
Batting: RHB Teruo Nakayama 0-0: Foul Ball, location: 2F
0-1: Ball
1-1: DOUBLE (Flyball, 89XD)
Roberto Salazar scores
Chad Armstrong scores
Batting: LHB Marlon Randall 0-0: Swinging Strike
0-1: Swinging Strike
0-2: Strikes out swinging
Batting: RHB Bob Heller 0-0: Ball
1-0: SINGLE (Groundball, 6MD)
Teruo Nakayama to third
Batting: LHB Cole Thrash 0-0: Foul Ball, location: 2F
0-1: SINGLE (Groundball, 34)
Teruo Nakayama scores
Bob Heller to second
Runner from 2nd tries for 3rd, SAFE, no throw or cutoff
Pitching: RHP Joshua Barnes
Batting: SHB Gustavo Fuentes 0-0: Fly out, F5 (Popup, 5F)
Batting: LHB Munemori Ohara 0-0: Ball
1-0: DOUBLE (Groundball, 5L)
Bob Heller scores
Cole Thrash to third
Batting: LHB Francisco Ornelas 0-0: Fly out, F7 (Flyball, 7M)
Top of the 9th over - 4 run(s), 5 hit(s), 0 error(s), 2 left on base; Northern Virginia 4 - Vancouver 3
BOTTOM OF THE 9TH
Vancouver Grey Wolves batting - Pitching for Northern Virginia Retrievers : RHP Natalino Golaio
Pitching: RHP Harold Elkins
Batting: LHB Héctor Cortéz 0-0: SOLO HOME RUN (Flyball, 9D), Distance : 341 ft
Batting: RHB Enrique Fuentes 0-0: Called Strike
0-1: Called Strike
0-2: Ball
1-2: Ball
2-2: Ball
3-2: Foul Ball, location: 2F
3-2: Foul Ball, location: 2F
3-2: Strikes out looking
Batting: LHB José Alonso 0-0: Ball
1-0: Called Strike
1-1: Swinging Strike
1-2: Ground out 4-3 (Groundball, 4)
Batting: LHB Emílio Barbán 0-0: Ball
1-0: Foul Ball, location: 2F
1-1: Called Strike
1-2: Hit by Pitch
Pinch Runner at 1st Alfredo Méndez:
Batting: LHB Min-heui Im 0-0: Called Strike
0-1: 2-RUN HOME RUN (Flyball, 89XD), Distance : 376 ft
This league is powered by Out of the Park Baseball, the baseball management simulation game for PC, Mac and Linux
Monday, October 3rd, 2016 - OOTP Baseball 16.9 Build 39